 Dungeon Crawl Stone Soup version 0.29-a0-284-gf9362112df (webtiles) character file.

Game seed: 9319745200566112528

323 sylnyx the Firebug (level 6, -2/46 HPs)
             Began as a Draconian Fire Elementalist on Mar 23, 2022.
             Was a Believer of Sif Muna.
             Slain by an orc warrior
             ... wielding a +0 glaive
              (6 damage)
             ... on level 5 of the Dungeon.
             The game lasted 00:17:55 (4778 turns).

sylnyx the Firebug (Draconian Fire Elementalist)    Turns: 4778, Time: 00:17:55

Health: -2/46      AC:  6    Str: 10    XL:     6   Next: 23%
Magic:  4/11       EV: 12    Int: 17    God:    Sif Muna [**....]
Gold:   197        SH:  0    Dex: 12    Spells: 6/12 levels left

rFire   + . .      SeeInvis +   d - +1 spear (flame)
rCold   x . .      Faith    .   (no shield)
rNeg    . . .      Spirit   .   (body armour unavailable)
rPois   .          Reflect  .   (helmet restricted)
rElec   .          Harm     .   m - scarf {repulsion}
rCorr   .          Rampage  .   (no gloves)
Will    .....                   (no boots)
Stlth   ++........              (no amulet)
HPRegen 0.15/turn               i - ring of see invisible
MPRegen 0.12/turn               o - ring of fire

@: repel missiles
A: AC +6, unfitting armour, cold-blooded
a: Renounce Religion, Channel Magic


You were on level 5 of the Dungeon.
You worshipped Sif Muna.
Sif Muna was pleased with you.
You visited 1 branch of the dungeon, and saw 5 of its levels.

You collected 197 gold pieces.

Inventory:

Hand Weapons
 d - a +1 spear of flaming (weapon)
Armour
 m - a scarf of repulsion (worn)
Jewellery
 i - a ring of see invisible (left hand)
 o - a ring of fire (right hand)
 q - a ring of fire
 r - a +6 ring of dexterity
Scrolls
 b - a scroll of summoning {unknown}
 c - a scroll of amnesia {unknown}
 e - a scroll of enchant weapon {unknown}
 g - 10 scrolls of identify {unknown}
 h - a scroll of fear {unknown}
 j - a scroll of silence {unknown}
 k - a scroll of magic mapping {unknown}
 l - 4 scrolls of immolation {unknown}
Potions
 a - 3 potions of magic
 f - 3 potions of heal wounds {unknown}
 n - 2 potions of cancellation {unknown}
 p - a potion of ambrosia {unknown}
 s - a potion of might {unknown}


   Skills:
 + Level 0.8 Fighting
 + Level 1.2 Polearms
 + Level 2.1 Dodging
 + Level 2.0 Stealth
 + Level 0.7 Unarmed Combat
 * Level 3.8 Spellcasting
 + Level 1.0 Conjurations
 * Level 5.2 Fire Magic


You had 6 spell levels left.
You knew the following spells:

 Your Spells              Type           Power      Damage    Failure   Level
a - Foxfire               Conj/Fire      84%        2x1d8     4%          1
b - Scorch                Fire           62%        2d8       2%          2
c - Conjure Flame         Conj/Fire      21%        6-21      13%         3

Your spell library contained the following spells:

 Spells                   Type           Power      Damage    Failure   Level
 Inner Flame              Hex/Fire       18%        N/A       16%         3
 Ignite Poison            Fire/Tmut/Pois 13%        N/A       24%         3
 Flame Wave               Conj/Fire      21%        2d7       41%         4
 Sticky Flame             Conj/Fire      21%        2d4       41%         4
 Summon Forest            Summ/Tloc      1%         N/A       99%         5
 Summon Mana Viper        Hex/Summ       3%         N/A       99%         5
 Summon Cactus Giant      Summ           1%         N/A       100%        6


Dungeon Overview and Level Annotations

Branches:
Dungeon (5/15)
 Temple: D:4-7

Altars:
Dithmenos
Sif Muna
Uskayaw


Innate Abilities, Weirdness & Mutations

Your plain brown scales are hard. (AC +6)
You cannot fit into any form of body armour.
You are cold-blooded and may be slowed by cold attacks.


Message History

An orc comes into view. It is wielding a +1 dagger of speed.
The scorpion stings you.
You are poisoned.
The scorpion poisons you!
You feel sick.
An orc comes into view. It is wielding a +0 flail.
You feel sick.
Casting: Scorch (safe; 3% risk of failure)
Confirm with . or Enter, or press ? or * to list all spells.
You feel a surge of power!
The fire begins to smoulder!
You feel sick. The scorpion closely misses you.
An orc comes into view. It is wielding a +0 club.
The orc warrior hits you from afar with a +0 glaive!
The scorpion attacks as you move away!
The scorpion stings you but does no damage.
You feel sick.
The scorpion smothers the flame.
You barely miss the scorpion.
The scorpion is severely wounded.
You feel sick.
The scorpion is no longer more vulnerable to fire.
The scorpion completely misses you. The orc warrior completely misses you.
The scorpion closely misses you.
You hit the scorpion but do no damage. You tail-slap the scorpion.
The scorpion is severely wounded.
You feel sick. The scorpion closely misses you.
The orc warrior hits you from afar with a +0 glaive.
You hit the scorpion. You burn the scorpion.
You kill the scorpion!
Sif Muna accepts your kill.
You feel sick.
You are no longer poisoned.
The orc warrior hits you from afar with a +0 glaive.
* * * LOW HITPOINT WARNING * * *
Your magical contamination has completely faded away.
The orc attacks as you move away! The orc closely misses you.
The orc attacks as you move away! The orc misses you.
The orc warrior hits you from afar with a +0 glaive!
* * * LOW HITPOINT WARNING * * *
The orc warrior hits you from afar with a +0 glaive.
You die...

#...# #...# #...# #...#
######..#########
#+###...##....#.....#
#.......#.....#....##
#.......#.....#....##### .
#.......'@o...'........# .#
#+###.÷.##...##...####.##
.##.####..##...##oo.#########..##
.. ... .........#....# #≈≈...≈
.............>..#.o..# #≈.....
##.###.##.####'##...## #...≈..
........#.###..##o..## #......
.###.##........#.....# #≈≈...≈
......#.#.>....##...## #.≈...≈


You could see an orc warrior and 4 orcs.

Vanquished Creatures
  An ogre (D:4)
  A scorpion (D:5)
  A hound (D:4)
  An iguana (D:5)
  5 adders
  2 worms
  A dart slug (D:1)
  2 orcs
  4 ball pythons
  8 endoplasms
  4 giant cockroaches
  4 goblins
  13 hobgoblins
  6 quokkas
  A bat (D:1)
  4 frilled lizards
  5 kobolds
  5 rats
68 creatures vanquished.

Vanquished Creatures (others)
  17 foxfires
17 creatures vanquished.

Grand Total: 85 creatures vanquished

Notes
Turn   | Place    | Note
-------+----------+-------------------------------------------
     0 | D:1      | sylnyx the Draconian Fire Elementalist began the quest for
                  | the Orb.
     0 | D:1      | Reached XP level 1. HP: 14/14 MP: 3/3
   208 | D:1      | Reached XP level 2. HP: 20/20 MP: 1/5
   217 | D:1      | Learned a level 2 spell: Scorch
  1226 | D:2      | Reached XP level 3. HP: 24/27 MP: 6/6
  1396 | D:2      | Reached skill level 4 in Fire Magic
  2383 | D:3      | Found a shadowy altar of Dithmenos.
  2815 | D:3      | Found a faded altar of an unknown god.
  2834 | D:3      | Prayed at the altar of an unknown god.
  2834 | D:3      | Became a worshipper of Sif Muna the Loreminder
  2834 | D:3      | Reached * piety under Sif Muna
  3021 | D:3      | Reached XP level 4. HP: 34/34 MP: 4/7
  3650 | D:4      | Noticed an ogre
  3659 | D:4      | Learned a level 3 spell: Conjure Flame
  3673 | D:4      | Killed an ogre
  3674 | D:4      | Reached skill level 1 in Polearms
  3674 | D:4      | Reached XP level 5. HP: 39/39 MP: 2/9
  4465 | D:5      | Entered Level 5 of the Dungeon
  4523 | D:5      | Reached skill level 5 in Fire Magic
  4617 | D:5      | Reached ** piety under Sif Muna
  4683 | D:5      | Found a hide-covered altar of Uskayaw.
  4722 | D:5      | Reached XP level 6. HP: 46/46 MP: 8/11
  4755 | D:5      | Noticed an orc warrior
  4770 | D:5      | HP: 2/46 [orc warrior/+0 glaive (9)]
  4778 | D:5      | Slain by an orc warrior

Illustrated notes

Levels and vault maps discovered:
D:1:      minmay_arrival_hallway, layout_basic
D:2:      layout_basic
D:3:      layout_loops_ring, nicolae_dithmenos_the_darkroom,
          ebering_ecumenical_altar_abandoned, minmay_checkerbox
D:4:      minmay_evil_eye, layout_gridville, hex_large
D:5:      layout_gridville, nicolae_uskayaw_suspiria,
          nicolae_concentric_dashed_squares_mild

Skill      XL: |  1  2  3  4  5 |
---------------+----------------+-----
Fire Magic     | 4 5 |  5.2
Stealth        | 2 |  2.0
Polearms       | 1 |  1.2
Dodging        | 2 |  2.1
Spellcasting   | 3 |  3.8
Fighting       | |  0.8
Unarmed Combat | |  0.7
Conjurations   | |  1.0

Action                   |  1- 3 |  4- 6 || total
-------------------------+-------+-------++-------
Melee: Unarmed           |    17 |       ||    17
       Tailslap          |    11 |     5 ||    16
       Spear             |    45 |    35 ||    80
 Cast: Foxfire           |    13 |       ||    13
       Scorch            |    28 |    26 ||    54
       Conjure Flame     |       |     1 ||     1
Armor: Skin              |    28 |    16 ||    44
Dodge: Dodged            |    40 |    21 ||    61

Table legend: (Time is in decaauts)
 A = Elapsed time spent in this place.
 B = Non-inter-level travel time spent in this place.
 C = Inter-level travel time spent in this place.
 D = Time resting spent in this place.
 E = Time spent auto-exploring this place.
 F = Levels seen in this place.
 G = Mean time per level.
                   A        B        C        D        E       F      G
               +--------+--------+--------+--------+--------+-----+--------+
         Total |   4786 |   4504 |    282 |    252 |   3335 |   5 |  957.2 |
       Dungeon |   4786 |   4504 |    282 |    252 |   3335 |   5 |  957.2 |
               +--------+--------+--------+--------+--------+-----+--------+

Top non-repeatable levels by time:
     D:4: 1178 daAuts
     D:2: 1151 daAuts
     D:1: 1139 daAuts
     D:3: 1004 daAuts
     D:5: 313 daAuts
